 Dungeon Crawl Stone Soup version 0.20-a0-738-gb057e68 (webtiles) character file.

121 polly the Slasher (level 4, -2/40 HPs)
             Began as a Draconian Berserker on Feb 24, 2017.
             Was a Believer of Trog.
             Slain by a worker ant (3 damage)
             ... on level 4 of the Dungeon.
             The game lasted 00:02:56 (2359 turns).

polly the Slasher (Draconian Berserker)             Turns: 2359, Time: 00:02:58

Health: -2/40      AC:  6    Str: 16 (19) XL:     4   Next: 77%
Magic:  4/4        EV: 12    Int:  5 (8)  God:    Trog [**....]
Gold:   195        SH:  0    Dex:  9 (11) Spells: 3/3 levels left

rFire    . . .     SeeInvis +   a - +0 falchion
rCold    . . .     Gourm    .   (armour unavailable)
rNeg     . . .     Faith    .   (no shield)
rPois    .         Spirit   .   (helmet restricted)
rElec    .         Reflect  .   (no cloak)
rCorr    .         Harm     .   i - +0 pair of gloves
MR       .....     Clarity  +   (no boots) Stlth +.........Rnd*Tele +
                                (no amulet)
Regen    0.2/turn               j - ring of see invisible
MPRegen  0.1/turn               y - ring of teleportation (curse)

@: lethally poisoned (-2 -> -19), flying, heavily drained
A: unfitting armour, clarity, wild magic 1, cold-blooded, AC +5
a: Berserk, Trog's Hand, Burn Spellbooks, Renounce Religion


You were on level 4 of the Dungeon.
You worshipped Trog.
Trog was pleased with you.
You were hungry.

You visited 1 branch of the dungeon, and saw 4 of its levels.

You collected 195 gold pieces.

Inventory:

Hand Weapons
 a - a +0 falchion (weapon)
Armour
 i - a +0 pair of gloves (worn)
Jewellery
 c - an uncursed ring of resist corrosion
 j - a ring of see invisible (right hand)
 p - an uncursed ring of protection from cold
 y - a cursed ring of teleportation (left hand)
Wands
 m - a wand of polymorph (19/24)
Scrolls
 g - 3 scrolls of immolation
 h - 2 scrolls of teleportation
 n - a scroll of magic mapping
 o - a scroll of amnesia
 q - a scroll of remove curse {unknown}
 s - 2 scrolls of fear
 u - a scroll of recharging {unknown}
 x - a scroll of blinking {unknown}
 z - a scroll of identify
Potions
 d - a potion of mutation
 k - 3 potions of flight
 l - a potion of brilliance {unknown}
 r - a potion of curing {unknown}
 t - a potion of heal wounds {unknown}
 v - 3 potions of lignification {unknown}
Comestibles
 b - 4 bread rations
 f - 2 fruits
 w - a meat ration


   Skills:
 + Level 4.0(2.3) Fighting
 + Level 4.4(2.7) Long Blades
 + Level 3.3(1.8) Dodging
 + Level 1.0(0.0) Stealth


You had 3 spell levels left.
You didn't know any spells.

Dungeon Overview and Level Annotations

Branches:
Dungeon (4/15)
 Temple: D:4-7

Altars:
Gozag
Hepliaklqana
Zin


Innate Abilities, Weirdness & Mutations

Your plain brown scales are hard. (AC +5)
You cannot fit into any form of body armour.
You are cold-blooded and may be slowed by cold attacks.
You possess an exceptional clarity of mind.
Your spells are a little harder to cast, but a little more powerful.


Message History

It was a potion of mutation.
You feel extremely strange.
Your thoughts seem clearer.
You feel less in control of your magic.
* * * LOW HITPOINT WARNING * * *
You feel sick. The worker ant bites you.
* * * LOW HITPOINT WARNING * * *
You are more poisoned.
The worker ant poisons you!
It was a potion of degeneration.
There was something very wrong with that liquid.
You feel weakened.
You feel dopey.
You feel clumsy.
* * * LOW HITPOINT WARNING * * *
You feel sick.
The worker ant bites you but does no damage.
The worker ant closely misses you.
It was a potion of flight.
You feel very buoyant.
You fly up into the air.
* * * LOW HITPOINT WARNING * * *
You feel sick. The worker ant bites you.
You die...

#)####.##.#
#..##.#
#......##.# #..#
.# #.#######.#
##.# # #.# #.# #.#
# #.# ###..##.#
#.# ...!... #.#
#)$.# #.# #a# #.#
#@# #.# #_# #.#
#'# #.# #.# #.#
#.# #.# ##### #.#
##.# #...# ####.#
##..# #...# #....#
#.#.###...###.####


You could see a worker ant.

Vanquished Creatures
  Robin (D:3)
  3 adders (D:2)
  An ooze (D:2)
  A worm (D:2)
  2 dart slugs
  6 orcs
  3 ball pythons
  2 giant cockroaches
  11 goblins
  9 hobgoblins
  4 jackals (D:1)
  3 kobolds
  6 bats
  5 frilled lizards
  7 rats
64 creatures vanquished.

Notes
Turn   | Place    | Note
-------+----------+-------------------------------------------
     0 | D:1      | polly the Draconian Berserker began the quest for the Orb.
     0 | D:1      | Reached XP level 1. HP: 19/19 MP: 1/1
   299 | D:1      | Reached XP level 2. HP: 26/26 MP: 2/2
   730 | D:2      | Reached XP level 3. HP: 33/33 MP: 3/3
   869 | D:2      | Reached ** piety under Trog
  1040 | D:2      | Reached XP level 4. HP: 40/40 MP: 4/4
  1183 | D:2      | Found an opulent altar of Gozag.
  1406 | D:3      | Noticed Robin
  1419 | D:3      | Killed Robin
  1883 | D:3      | Reached skill level 1 in Stealth
  2031 | D:3      | Noticed an angel
  2032 | D:3      | Found a glowing silver altar of Zin.
  2339 | D:4      | Found a hazy altar of Hepliaklqana.
  2357 | D:4      | Gained mutation: You possess an exceptional clarity of mind. [potion of mutation]
  2357 | D:4      | Gained mutation: Your spells are a little harder to cast, but a little more powerful. [potion of mutation]
  2359 | D:4      | HP: 1/40 [poisoned by a worker ant]
  2359 | D:4      | Slain by a worker ant

Vault maps used:
D:1:      mrwooster_arrival_statue_2, serial_curves, eino_curves_01,
          eino_curves_04, eino_curves_03, eino_curves_01, serial_park_tiny_1
D:2:      lemuel_upstairs_altar, overflow_temple_1_default
D:3:      zin_angel, grunt_decor_arrowhead, minmay_misc_feat_four_crosses,
          uniq_robin
D:4:      kennysheep_mini_moat, first_bread

Skill      XL: |  1  2  3  4 |
---------------+-------------+-----
Dodging        | 3 |  3.3
Long Blades    | 4 |  4.4
Fighting       | 4 |  4.0
Stealth        | 1 |  1.0

Action                   |  1- 3 |  4- 6 || total
-------------------------+-------+-------++-------
Melee: Falchion          |    73 |    90 ||   163
       Tailslap          |    10 |    16 ||    26
  Use: Scroll            |       |     5 ||     5
       Potion            |       |     3 ||     3
 Stab: Sleeping          |     3 |       ||     3
  Eat: Chunk             |       |     4 ||     4
Armor: Skin              |    24 |    44 ||    68
Dodge: Dodged            |    58 |    92 ||   150
       Rpst.: Falchion   |    24 |    31 ||    55
